 Dungeon Crawl Stone Soup version 0.24.0-13-gcf9b319 (webtiles) character file.

Game seed: 7909111566237754242, levelgen mode: deterministic

9706 shmeve the Fighter (level 11, -19/156 HPs)
             Began as a Minotaur Berserker on Apr 10, 2020.
             Was a High Priest of Trog.
             Demolished by an orc knight
             ... wielding a +0 dire flail
              (33 damage)
             ... on level 10 of the Dungeon on Apr 12, 2020.
             The game lasted 00:17:42 (9618 turns).

shmeve the Fighter (Minotaur Berserker)             Turns: 9618, Time: 00:17:42

Health: -19/156    AC: 15    Str: 28    XL:     11   Next: 26%
Magic:  3/3        EV: 14    Int:  5    God:    Trog [*****.]
Gold:   586        SH:  0    Dex: 14    Spells: 10/10 levels left

rFire    + . .     SeeInvis .   F - +5 executioner's axe (antimagic)
rCold    + . .     Gourm    +   (shield currently unavailable)
rNeg     . . .     Faith    .   d - +0 plate armour
rPois    .         Spirit   .   (helmet restricted)
rElec    .         Reflect  .   q - scarf {rC+ rF+}
rCorr    .         Harm     .   (no gloves)
MR       ++...                  y - +0 pair of boots
Stlth    ..........             G - amulet of the gourmand
HPRegen  1.36/turn              a - +2 ring of evasion
MPRegen  0.08/turn              B - +3 ring of dexterity

@: berserking, regenerating, very quick
A: retaliatory headbutt, horns 2
a: Berserk, Trog's Hand, Brothers in Arms, Renounce Religion


You were on level 10 of the Dungeon.
You worshipped Trog.
Trog was extremely pleased with you.
You were hungry.

You visited 1 branch of the dungeon, and saw 10 of its levels.

You collected 586 gold pieces.

Inventory:

Hand Weapons
 n - a +1 battleaxe of flaming
 D - a +2 hand axe of venom
 F - a +5 antimagic executioner's axe (weapon)
Missiles
 t - 7 silver javelins
 w - 4 javelins (quivered)
Armour
 d - a +0 plate armour (worn)
 q - a scarf of resistance (worn)
 y - a +0 pair of boots (worn)
Jewellery
 a - a +2 ring of evasion (left hand)
 i - an uncursed ring of positive energy
 B - a +3 ring of dexterity (right hand)
 G - an amulet of the gourmand (around neck)
Wands
 C - a wand of digging (3)
Scrolls
 e - 2 scrolls of fear {unknown}
 f - 2 scrolls of identify
 g - 6 scrolls of remove curse {unknown}
 j - 2 scrolls of blinking {unknown}
 k - 3 scrolls of fog {unknown}
 o - 3 scrolls of amnesia {unknown}
 p - 5 scrolls of teleportation {unknown}
 r - a scroll of random uselessness {unknown}
 u - a scroll of magic mapping {unknown}
 E - a scroll of torment {unknown}
 I - a scroll of enchant armour {unknown}
Potions
 b - 2 potions of mutation {unknown}
 h - 2 potions of lignification {unknown}
 l - 2 potions of agility {unknown}
 m - 3 potions of heal wounds {unknown}
 s - a potion of might {unknown}
 v - 3 potions of ambrosia {unknown}
 x - 2 potions of invisibility {unknown}
 z - a potion of flight {unknown}
 A - a potion of cancellation {unknown}
 K - a potion of brilliance {unknown}
 L - a potion of degeneration {unknown}
 M - a potion of magic {unknown}
Comestibles
 c - 24 rations


   Skills:
 * Level 11.8 Fighting
 * Level 11.7 Axes
 + Level 6.6 Throwing
 + Level 8.3 Armour
 + Level 7.6 Dodging


You had 10 spell levels left.
You didn't know any spells.
Your spell library was empty.

Dungeon Overview and Level Annotations

Branches:
Dungeon (10/15)            Temple (0/1) D:7            Lair (0/6) D:8
    Orc: D:9-12

Altars:
Ashenzari
Elyvilon
Fedhas
Gozag
Kikubaaqudgha
Nemelex Xobeh
Trog
Vehumet
Xom
Yredelemnul
Zin
The Shining One

Shops:
D:10 %

Annotations:
D:9 exclusion: statue


Innate Abilities, Weirdness & Mutations

You reflexively headbutt those who attack you in melee.
You have a pair of horns on your head.


Message History

You slice the orc!!
You kill the orc!
Trog accepts your kill.
You slash the orc knight! You slash the orc wizard!
You kill the orc wizard!
Trog accepts your kill.
Trog appreciates your killing of a magic user.
You slice the orc knight!!
The orc knight is severely wounded.
You slash the orc knight! The orc knight closely misses you.
You furiously retaliate!
You headbutt the orc knight!! The orc knight barely misses you.
You furiously retaliate!
You headbutt the orc knight!
Unknown command.
You slice the orc knight!!
You kill the orc knight!
Trog accepts your kill.
You hit the orc knight.
The orc knight hits you with a +0 dire flail!!
You die...

.....#....#.#......#
.....#....#.#......#
.....######.#......##
.....# #.#.......#
###### ##########.#
......####.#
.8..8..8##.#
......)o.#.#
......)@.).#
.........###
.8..8o.8## ......###
#############
########'##........#
...........<.......#
.......รท...........#
..............#....#


You could see an orc knight and an orc.

Vanquished Creatures
  Pikel (D:5)
  An orc knight (D:10)
  A gargoyle (D:10)
  A kobold demonologist (D:10)
  A troll (D:9)
  A komodo dragon (D:10)
  A hornet (D:9)
  A hippogriff (D:10)
  A shadow (D:6)
  A wraith (D:10)
  2 wyverns (D:10)
  2 basilisks (D:8)
  2 hungry ghosts (D:9)
  2 vampire mosquitoes (D:10)
  2 soldier ants (D:9)
  2 porcupines (D:8)
  4 sky beasts
  An orc warrior (D:3)
  5 ice beasts
  A slave (D:5)
  4 black bears
  2 phantoms
  6 ogres
  A hornet zombie (D:8)
  2 necrophages (D:6)
  4 centaurs
  2 wolves (D:8)
  2 crocodiles (D:8)
  A big kobold (D:10)
  5 bullfrogs
  Blork the orc (D:5)
  A gnoll sergeant (D:6)
  6 killer bees (D:9)
  2 scorpions
  3 wights (D:9)
  An electric eel (D:6)
  5 howler monkeys
  A crimson imp (D:5)
  2 bullfrog zombies
  3 jellies
  2 centaur zombies
  5 hounds
  7 orc wizards
  2 bullfrog skeletons (D:8)
  4 orc priests
  A centaur skeleton (D:10)
  4 iguanas
  6 worker ants
  A hound zombie (D:6)
  8 gnolls
  3 howler monkey skeletons
  9 adders
  2 shadow imps
  2 adder zombies
  3 adder skeletons
  3 worms
  2 dart slugs
  8 leopard geckos
  30 orcs
  A bat skeleton (D:2)
  2 bat zombies (D:2)
  9 giant cockroaches
  9 goblins
  5 hobgoblins
  9 jackals
  6 quokkas
  3 ball pythons
  8 bats
  5 frilled lizards
  A jackal zombie (D:7)
  14 kobolds
  A leopard gecko skeleton (D:6)
  A leopard gecko zombie (D:2)
  A quokka skeleton (D:7)
  9 rats
273 creatures vanquished.

Vanquished Creatures (others)
  Prince Ribbit (D:5)
  A slave (D:5)
  A quokka (D:5)
  2 fungi (D:8)
  2 plants (D:8)
7 creatures vanquished.

Grand Total: 280 creatures vanquished

Notes
Turn   | Place    | Note
-------+----------+-------------------------------------------
     0 | D:1      | shmeve the Minotaur Berserker began the quest for the Orb.
     0 | D:1      | Reached XP level 1. HP: 19/19 MP: 0/0
   214 | D:1      | Reached XP level 2. HP: 26/27 MP: 1/1
   567 | D:1      | Reached ** piety under Trog
   673 | D:1      | Reached XP level 3. HP: 33/33 MP: 2/2
   737 | D:2      | Found an opulent altar of Gozag.
   885 | D:2      | Reached XP level 4. HP: 35/41 MP: 3/3
   900 | D:2      | Reached skill level 1 in Throwing
   992 | D:2      | Found an ancient bone altar of Kikubaaqudgha.
  1335 | D:3      | Reached *** piety under Trog
  1466 | D:3      | Reached XP level 5. HP: 47/47 MP: 4/4
  1511 | D:3      | Found a glowing silver altar of Zin.
  1511 | D:3      | Noticed an angel
  1511 | D:3      | Noticed an orc warrior
  1518 | D:3      | Reached skill level 5 in Axes
  1522 | D:3      | Reached skill level 5 in Fighting
  1525 | D:3      | Found a shimmering altar of Xom.
  1527 | D:3      | Killed an orc warrior
  1527 | D:3      | Reached XP level 6. HP: 45/56 MP: 5/5
  2088 | D:4      | Found a sparkling altar of Nemelex Xobeh.
  2391 | D:4      | Reached XP level 7. HP: 63/63 MP: 6/6
  2534 | D:4      | Found a white marble altar of Elyvilon.
  2591 | D:4      | Found a basalt altar of Yredelemnul.
  3176 | D:5      | Entered Level 5 of the Dungeon
  3249 | D:5      | Noticed Pikel
  3257 | D:5      | Killed Pikel
  3257 | D:5      | Reached skill level 5 in Armour
  3257 | D:5      | Reached XP level 8. HP: 73/73 MP: 7/7
  3337 | D:5      | Reached **** piety under Trog
  3399 | D:5      | Noticed Blork the orc
  3405 | D:5      | Killed Blork the orc
  3468 | D:5      | Noticed Prince Ribbit
  3472 | D:5      | Killed Prince Ribbit
  3633 | D:5      | Reached skill level 5 in Dodging
  3775 | D:5      | Found a shattered altar of Ashenzari.
  3853 | D:6      | Reached XP level 9. HP: 45/82 MP: 8/8
  4291 | D:6      | Received a gift from Trog
  4307 | D:6      | HP: 1/83 [electric eel/bolt of electricity (10)]
  4727 | D:6      | Found a glowing golden altar of the Shining One.
  4727 | D:6      | Found a blossoming altar of Fedhas.
  5003 | D:7      | Found a staircase to the Ecumenical Temple.
  5335 | D:7      | Reached skill level 5 in Throwing
  5415 | D:7      | Received a gift from Trog
  6137 | D:8      | Reached skill level 10 in Fighting
  6159 | D:8      | Reached XP level 10. HP: 53/93 MP: 9/9
  6330 | D:8      | Found a staircase to the Lair.
  6334 | D:8      | Reached skill level 10 in Axes
  6345 | D:8      | Reached ***** piety under Trog
  6656 | D:8      | Received a gift from Trog
  6882 | D:9      | Found a bloodstained altar of Trog.
  7426 | D:9      | Paralysed by a hornet for 3 turns
  7879 | D:9      | Found a radiant altar of Vehumet.
  8359 | D:10     | Entered Level 10 of the Dungeon
  8391 | D:10     | Found Eroh's Food Shop.
  8605 | D:10     | Noticed a gargoyle
  8622 | D:10     | Killed a gargoyle
  8905 | D:10     | Reached XP level 11. HP: 102/102 MP: 10/10
  9266 | D:10     | Found a runed translucent door.
  9413 | D:10     | Got an ancient leather armour
  9414 | D:10     | Identified the +0 leather armour of the Gusle {rF+ rN+ MR-
                  | Int+5 Dex+3} (You found it on level 10 of the Dungeon)
  9440 | D:10     | Received a gift from Trog
  9603 | D:10     | Noticed an orc knight
  9607 | D:10     | Noticed an orc knight
  9618 | D:10     | Killed an orc knight
  9618 | D:10     | Demolished by an orc knight

Levels and vault maps discovered:
D:1:      evilmike_arrival_crescent, layout_basic
D:2:      layout_loops_ring, lemuel_doored_altar, nicolae_gozag_seed_capital,
          first_ration, serial_undead, serial_undead_a, serial_undead_d,
          serial_undead_b, serial_undead_a
D:3:      layout_basic, grunt_temple_overflow_order_and_chaos_1,
          grunt_ministairs_6
D:4:      layout_loops_corners, nemelex_xobeh_ov_fountains_minmay,
          lemuel_crystal_altar, kennysheep_little_box, serial_bayou_pond_d,
          hex_tiny
D:5:      layout_rooms, cheibrodos_ashenzari_chains, uniq_pikel,
          uniq_blork_the_orc, uniq_prince_ribbit1
D:6:      layout_loops_ring, gammafunk_temple_overflow_wave,
          nicolae_water_bricks
D:7:      layout_basic, minmay_temple_entry_hall
D:8:      layout_basic, minmay_lair_entry_grove, grunt_ministairs_1
D:9:      layout_grid_maze, vehumet_statue, basic_altar,
          hangedman_pestilent_swarm, eino_small_chamber_without_monster
D:10:     layout_stronghold, serial_shops, shop_statue, nrook_campfire,
          lightli_church_of_beogh

Skill      XL: |  1  2  3  4  5  6  7  8  9 10 |
---------------+-------------------------------+-----
Fighting       | 4 5 6 7 8 10 11 | 11.8
Axes           | 4 5 6 7 8 9 11 | 11.7
Throwing       | 1 2 3 4 5 6 |  6.6
Armour         | 3 4 5 6 8 |  8.3
Dodging        | 3 4 5 6 7 |  7.6

Action                   |  1- 3 |  4- 6 |  7- 9 | 10-12 || total
-------------------------+-------+-------+-------+-------++-------
Melee: Hand axe          |    90 |    65 |       |       ||   155
       Headbutt          |     8 |    19 |    41 |    38 ||   106
       Battleaxe         |       |    35 |   214 |   150 ||   399
       Executioner's axe |       |       |       |    11 ||    11
Throw: Javelin           |       |       |     2 |    22 ||    24
Invok: Berserk           |       |     2 |     4 |     4 ||    10
       Trog's Hand       |       |     1 |     1 |     4 ||     6
  Use: Scroll            |       |       |     3 |     7 ||    10
  Eat: Chunk             |       |     7 |    17 |    24 ||    48
       Ration            |       |       |       |     1 ||     1
Armor: Plate armour      |    89 |    83 |   131 |   122 ||   425
       Animal skin       |     6 |       |       |       ||     6
Dodge: Dodged            |    58 |    47 |   124 |   153 ||   382
